 Dungeon Crawl Stone Soup version 0.25-a0-292-gaa31f04 (webtiles) character file.

Game seed: 13138797215717866738, levelgen mode: deterministic

687 Ayyar the Slinger (level 7, -2/46 HPs)
             Began as a Halfling Hunter on Dec 15, 2019.
             Was a Follower of Dithmenos.
             Slain by Pikel
             ... wielding a +2 whip of freezing
              (6 damage)
             ... on level 4 of the Dungeon.
             The game lasted 00:26:43 (5152 turns).

Ayyar the Slinger (Halfling Hunter)                 Turns: 5152, Time: 00:26:44

Health: -2/46      AC:  6    Str: 14    XL:     7   Next: 94%
Magic:  7/7        EV: 15    Int:  9    God:    Dithmenos [*.....]
Gold:   6          SH:  0    Dex: 16    Spells: 6/6 levels left

rFire    . . .     SeeInvis .   a - +1 hunting sling
rCold    . . .     Gourm    .   (shield restricted)
rNeg     . . .     Faith    .   p - +1 ring mail
rPois    .         Spirit   .   (no helmet)
rElec    .         Reflect  .   (no cloak)
rCorr    .         Harm     .   (no gloves)
MR       .....                  (no boots)
Stlth    +.........             (no amulet)
HPRegen  0.15/turn              y - ring of attention
MPRegen  0.10/turn              (no ring)

@: wreathed by umbra
A: small, mutation resistance 1
a: Renounce Religion


You were on level 4 of the Dungeon.
You worshipped Dithmenos.
Dithmenos was aware of your devotion.
You were not hungry.

You visited 1 branch of the dungeon, and saw 5 of its levels.

You collected 160 gold pieces.
You spent 154 gold pieces at shops.

Inventory:

Hand Weapons
 a - a +1 hunting sling (weapon)
 b - a +2 short sword of venom
Missiles
 d - 41 sling bullets (quivered)
 j - 83 stones
Armour
 p - a +1 ring mail (worn)
Jewellery
 h - an uncursed amulet of magic regeneration
 v - an uncursed ring of flight
 y - a ring of attention (left hand)
Scrolls
 e - 2 scrolls of identify
 i - a scroll of fog {unknown}
 k - a scroll of immolation {unknown}
 l - a scroll of remove curse
 n - 2 scrolls of teleportation {unknown}
 o - 3 scrolls of enchant armour
 t - a scroll of fear {unknown}
 w - a scroll of noise {unknown}
 x - a scroll of enchant weapon {unknown}
 A - a scroll of blinking {unknown}
Potions
 m - a potion of haste
 r - a potion of curing
 s - a potion of brilliance
 u - a potion of flight {unknown}
Comestibles
 f - 5 rations


   Skills:
 + Level 3.2 Fighting
 + Level 3.2 Short Blades
 * Level 8.7 Slings
 + Level 2.8 Armour
 + Level 3.8 Dodging
 + Level 3.6 Stealth


You had 6 spell levels left.
You didn't know any spells.
Your spell library was empty.

Dungeon Overview and Level Annotations

Branches:
Dungeon (5/15)
 Temple: D:4-7

Altars:
Dithmenos
Elyvilon
Okawaru
Trog
Uskayaw
Xom

Shops:
D:4 !

Annotations:
D:3 1 runed translucent door, Crazy Yiuf
D:4 Pikel
D:5 Sigmund


Innate Abilities, Weirdness & Mutations

You are small and have problems with some larger weapons.
You are somewhat resistant to further mutation.


Message History

Pikel freezes you.
* * * LOW HITPOINT WARNING * * *
Firing (i - inventory. (/) - cycle)
d - 43 sling bullets (quivered)
Press: ? - help, Shift-Dir - straight line, f/p - Pikel
Aim: Pikel, wielding a +2 whip of freezing and wearing a +1 robe of cold resistance (almost dead, umbra)
You shoot a sling bullet. The sling bullet hits Pikel.
Pikel is almost dead.
You feel a little less clever now. Pikel hits you but does no damage.
You feel better.
Pikel hits you with a +2 whip of freezing.
* * * LOW HITPOINT WARNING * * *
Pikel freezes you.
* * * LOW HITPOINT WARNING * * *
Firing (i - inventory. (/) - cycle)
d - 42 sling bullets (quivered)
Press: ? - help, Shift-Dir - straight line, f/p - Pikel
Aim: Pikel, wielding a +2 whip of freezing and wearing a +1 robe of cold resistance (almost dead, umbra)
You shoot a sling bullet. The sling bullet barely misses Pikel.
Pikel hits you with a +2 whip of freezing.
You die...

.#........(...#
.#........(...#
.#............#
#####'##'.....############
#.##'.(..............#
#####.###.(....#########.#
#.....# #.(....#########.#
#..<..###......#.........#
#..............#@#######.#
#...............K.....##.#
#....#####(###.#.####.##.#
#....# #(#...#(# #.##.#
###### #(###.#.####.##.#
#(# #.#......##.# #.#
#.#.####.##.#
#(###.#(........#
#.......####.####


You could see Pikel.

Vanquished Creatures
  An ice beast (D:3)
  4 slaves
  Blork the orc (D:4)
  2 scorpions (D:4)
  A howler monkey (D:4)
  A centaur skeleton (D:4)
  2 hounds (D:4)
  Natasha (thrice) (D:3)
  7 gnolls
  8 adders
  2 worms
  2 dart slugs (D:1)
  4 leopard geckos
  7 orcs
  8 bats
  7 giant cockroaches
  11 hobgoblins
  A quokka (D:4)
  2 ball pythons
  3 frilled lizards
  A goblin (D:2)
  10 kobolds
  7 rats
95 creatures vanquished.

Notes
Turn   | Place    | Note
-------+----------+-------------------------------------------
     0 | D:1      | Ayyar the Halfling Hunter began the quest for the Orb.
     0 | D:1      | Reached XP level 1. HP: 14/14 MP: 1/1
   113 | D:1      | Reached skill level 6 in Slings
   128 | D:1      | Reached XP level 2. HP: 19/19 MP: 2/2
   622 | D:1      | Reached XP level 3. HP: 24/24 MP: 3/3
   833 | D:2      | Reached skill level 1 in Short Blades
  1178 | D:2      | Reached skill level 1 in Armour
  1178 | D:2      | Reached XP level 4. HP: 11/29 MP: 4/4
  1569 | D:2      | Found a shimmering altar of Xom.
  1666 | D:2      | Found a white marble altar of Elyvilon.
  1666 | D:2      | Found a hide-covered altar of Uskayaw.
  1733 | D:2      | Reached XP level 5. HP: 28/34 MP: 5/5
  1735 | D:2      | Reached skill level 7 in Slings
  1936 | D:2      | Found a shadowy altar of Dithmenos.
  1936 | D:2      | Found an iron altar of Okawaru.
  1945 | D:2      | Became a worshipper of Dithmenos the Shadowed
  2264 | D:3      | Noticed Natasha
  2270 | D:3      | Killed Natasha
  2337 | D:3      | Noticed Natasha
  2346 | D:3      | Killed Natasha
  2346 | D:3      | Reached XP level 6. HP: 34/41 MP: 6/6
  2401 | D:3      | Noticed an ice beast
  2419 | D:3      | Killed an ice beast
  2444 | D:3      | Found a bloodstained altar of Trog.
  2533 | D:3      | Noticed Natasha
  2567 | D:3      | Killed Natasha
  2764 | D:3      | Found a runed translucent door.
  2765 | D:3      | Noticed Crazy Yiuf
  3101 | D:4      | Reached * piety under Dithmenos
  3101 | D:4      | Reached skill level 8 in Slings
  3101 | D:4      | Reached XP level 7. HP: 12/45 MP: 7/7
  3374 | D:4      | Noticed Pikel
  4079 | D:4      | Found Kiataoxa's Distillery.
  4082 | D:4      | Bought a potion of degeneration for 14 gold pieces
  4082 | D:4      | Bought 2 potions of curing for 84 gold pieces
  4082 | D:4      | Bought a potion of might for 56 gold pieces
  4200 | D:4      | HP: 2/46 [slave[Pikel] (5)]
  4637 | D:5      | Entered Level 5 of the Dungeon
  4643 | D:5      | Noticed Blork the orc
  4663 | D:4      | Killed Blork the orc
  4891 | D:5      | Noticed Sigmund
  5152 | D:4      | Slain by Pikel

Levels and vault maps discovered:
D:1:      dpeg_arrival_radiant, layout_basic
D:2:      layout_loops_ring, old_standard_altar, grunt_temple_overflow_open,
          minmay_tetromino_i4
D:3:      layout_rooms, lemuel_crystal_altar, serial_corexii_hall,
          chequers_hall_statues_corner_a, chequers_hall_statues_wall_a,
          uniq_natasha, uniq_crazy_yiuf_cottage
D:4:      layout_basic, serial_shops, kennysheep_mini, first_ration, uniq_pikel
D:5:      layout_loops_ring, old_standard_altar,
          minmay_temple_entry_from_below_a, uniq_sigmund, uniq_blork_the_orc,
          uniq_eustachio

Skill      XL: |  1  2  3  4  5  6  7 |
---------------+----------------------+-----
Slings         | 6 7 8 |  8.7
Fighting       | 2 3 |  3.2
Short Blades   | 1 2 3 |  3.2
Armour         | 1 2 |  2.8
Stealth        | 2 3 |  3.6
Dodging        | 3 |  3.8

Action                   |  1- 3 |  4- 6 |  7- 9 || total
-------------------------+-------+-------+-------++-------
Melee: Short sword       |    19 |    11 |    27 ||    57
 Fire: Hunting sling     |    79 |   190 |   167 ||   436
  Use: Potion            |       |     1 |     7 ||     8
       Scroll            |       |       |     5 ||     5
 Stab: Sleeping          |     1 |     2 |       ||     3
  Eat: Chunk             |     1 |     5 |       ||     6
       Ration            |       |       |     2 ||     2
Armor: Leather armour    |     5 |     2 |       ||     7
       Ring mail         |       |     5 |    28 ||    33
Dodge: Dodged            |    31 |    46 |    78 ||   155

Table legend:
 A = Non-vault XP
 B = Vault XP
 C = Vault XP percentage of total XP
 D = Non-vault monster count
 E = Vault monster count
 F = Vault count percentage of total count
                 A         B        C        D         E       F
            +---------+---------+-------+---------+---------+-------
      Total |     853 |     129 |  13.1 |      88 |       3 |   3.3
            +---------+---------+-------+---------+---------+-------
        D:1 |      34 |       0 |   0.0 |      20 |       0 |   0.0
        D:2 |     134 |       2 |   1.5 |      29 |       1 |   3.3
        D:3 |     274 |      33 |  10.7 |      20 |       1 |   4.8
        D:4 |     411 |      94 |  18.6 |      19 |       1 |   5.0
            +---------+---------+-------+---------+---------+-------
